 Dungeon Crawl Stone Soup version 0.27.0-1-g7a089689b8 (webtiles) character file.

Game seed: 4580608832472592295

182 MajorAdolf the Stinger (level 5, -1/45 HPs)
             Began as a Naga Wanderer on Aug 17, 2021.
             Slain by an orc (3 damage)
             ... on level 3 of the Dungeon.
             The game lasted 00:08:02 (4091 turns).

MajorAdolf the Stinger (Naga Wanderer)              Turns: 4091, Time: 00:08:02

Health: -1/45      AC:  2    Str:  8 (11) XL:     5   Next: 61%
Magic:  7/7        EV:  9    Int:  8 (11) God:
Gold:   81         SH:  0    Dex: 12 (14) Spells: 3/7 levels left

rFire    . . .     SeeInvis +   k - +2 short sword (drain)
rCold    . . .     Faith    .   (no shield)
rNeg     . . .     Spirit   .   b - +0 robe
rPois    +         Reflect  .   (no helmet)
rElec    +         Harm     .   (no cloak)
rCorr    .         Rampage  .   (no gloves)
Will     .....                  (no barding)
Stlth    +++.......             (no amulet)
HPRegen  0.15/turn              (no ring)
MPRegen  0.10/turn              (no ring)

@: unable to read, hasted, quick
A: AC +1, large, see invisible, deformed body, poison resistance, slowness 2,
spit poison 1, naga tail 1, electricity resistance, weak 1, inability to read
while threatened
a: Spit Poison


You were on level 3 of the Dungeon.
You visited 1 branch of the dungeon, and saw 3 of its levels.

You collected 81 gold pieces.

Inventory:

Hand Weapons
 d - a +0 war axe
 i - a +3 whip
 k - a +2 short sword of draining (weapon)
Armour
 b - a +0 robe (worn)
Scrolls
 a - a scroll of torment {unknown}
 e - 2 scrolls of enchant weapon
 g - a scroll of noise
 h - a scroll of amnesia
 n - 2 scrolls of immolation
Potions
 m - a potion of haste


   Skills:
 + Level 2.2 Fighting
 + Level 2.2 Axes
 + Level 1.2 Dodging
 + Level 4.9 Stealth
 + Level 1.5 Spellcasting
 - Level 2.0 Necromancy
 + Level 7.0 Poison Magic


You had 3 spell levels left.
You knew the following spells:

 Your Spells              Type           Power      Damage    Failure   Level
a - Olgreb's Toxic Radia  Pois           11%        N/A       22%         4

Your spell library contained the following spells:

 Spells                   Type           Power      Damage    Failure   Level
 Sting                    Tmut/Pois      24%        1d4       9%          1
 Poisonous Vapours        Pois/Air       12%        N/A       14%         2
 Sublimation of Blood     Necr           1%         N/A       26%         2
 Sandblast                Erth           0%         2d4       36%         1
 Corpse Rot               Necr/Air       N/A        N/A       36%         2
 Mephitic Cloud           Conj/Pois/Air  4%         N/A       41%         3
 Stone Arrow              Conj/Erth      0%         3d7       75%         3


Dungeon Overview and Level Annotations

Branches:
Dungeon (3/15)

Altars:
Nemelex Xobeh

Annotations:
D:2 exclusion: downstairs


Innate Abilities, Weirdness & Mutations

Your serpentine skin is tough. (AC +1)
You have supernaturally acute eyesight. (SInv)
Armour fits poorly on your strangely shaped body.
Your system is resistant to poisons. (rPois)
You cover ground very slowly.
You can spit poison.
You have a snake-like lower body.
You are resistant to electric shocks. (rElec)
You are weak. (Str -2)
You sometimes lose the ability to read scrolls when taking damage.


Message History

a +0 club; 20 stones; a goblin corpse An orc comes into view.
It is wielding a +0 flail.
An orc comes into view. It is wielding a +0 dagger.
Unknown command.
Unknown command.
Unknown command.
The orc shouts!
An orc priest comes into view. It is wielding a +0 whip.
An orc comes into view. It is wielding a +0 short sword.
Unknown command.
Okay, then.
The orc hits you but does no damage.
The orc shouts!
The orc hits you with a +0 flail.
You barely miss the orc. The orc hits you with a +0 flail.
The orc hits you with a +0 flail!
Okay, then.
It was a potion of mutation.
You feel extremely strange.
You lose the ability to read scrolls when threatened.
You feel insulated.
You feel weaker. The orc hits you with a +0 flail!
You feel threatened and lose the ability to read scrolls!
The orc hits you with a +0 short sword.
It was a potion of cancellation.
You feel magically purged.
The orc priest shouts!
The orc barely misses you. The orc hits you with a +0 dagger.
The orc hits you with a +0 short sword.
* * * LOW HITPOINT WARNING * * *
It was a potion of degeneration.
There was something very wrong with that liquid.
You feel weakened.
You feel dopey.
You feel clumsy. The orc hits you with a +0 flail.
* * * LOW HITPOINT WARNING * * *
The orc hits you with a +0 dagger.
* * * LOW HITPOINT WARNING * * *
The orc hits you with a +0 short sword.
* * * LOW HITPOINT WARNING * * *
It was a potion of haste.
You feel yourself speed up. The orc hits you with a +0 flail.
You die...

.......##.....######.##
.......##.............#
.......##.............##
.......##..............#####
...........................
............o.............
.........................
....)..........oo.....#.##
...............o@........#
.........................#
.........................###
.(.........................#
......###...........#......#
......###...........#...)..#
...........†...##...#####.##
........)............####..####
................).............#


You could see an orc priest and 3 orcs.

Vanquished Creatures
  A jelly (D:3)
  An orc priest (D:3)
  An orc wizard (D:3)
  2 gnolls (D:3)
  2 adders
  A worm (D:3)
  2 dart slugs (D:2)
  4 orcs (D:3)
  3 ball pythons
  2 giant cockroaches (D:2)
  4 hobgoblins
  5 jackals (D:2)
  8 kobolds
  2 quokkas
  6 bats
  A frilled lizard (D:3)
  5 goblins
  4 rats
54 creatures vanquished.

Notes
Turn   | Place    | Note
-------+----------+-------------------------------------------
     0 | D:1      | MajorAdolf the Naga Wanderer began the quest for the Orb.
     0 | D:1      | MajorAdolf set off with the following items: a +0 dagger, a
                  | +0 robe; and the following spells available to memorise:
                  | Sting, Poisonous Vapours, Sublimation of Blood, Sandblast,
                  | Corpse Rot, Olgreb's Toxic Radiance, Mephitic Cloud, Stone
                  | Arrow
     0 | D:1      | Reached XP level 1. HP: 15/15 MP: 2/2
   768 | D:3      | Noticed an orc wizard
   774 | D:3      | Reached XP level 2. HP: 24/24 MP: 3/3
   785 | D:3      | Reached skill level 1 in Fighting
   785 | D:3      | Reached skill level 1 in Axes
   785 | D:3      | Reached XP level 3. HP: 31/31 MP: 4/4
  1927 | D:2      | Reached XP level 4. HP: 35/39 MP: 5/5
  2153 | D:2      | Found a sparkling altar of Nemelex Xobeh.
  2628 | D:2      | Learned a level 4 spell: Olgreb's Toxic Radiance
  3325 | D:3      | Reached XP level 5. HP: 42/45 MP: 6/6
  3401 | D:3      | Reached skill level 1 in Dodging
  3574 | D:3      | HP: 2/45 [gnoll (16)]
  4030 | D:3      | Reached skill level 7 in Poison Magic
  4088 | D:3      | Gained mutation: You sometimes lose the ability to read
                  | scrolls when taking damage. [potion of mutation]
  4088 | D:3      | Gained mutation: You are resistant to electric shocks.
                  | (rElec) [potion of mutation]
  4088 | D:3      | Gained mutation: You are weak. (Str -2) [potion of
                  | mutation]
  4090 | D:3      | HP: 2/45 [orc (3)]
  4091 | D:3      | Slain by an orc

Illustrated notes

Levels and vault maps discovered:
D:1:      scummos_arrival_forest, layout_loops_cross
D:2:      layout_basic, basic_altar
D:3:      layout_basic, serial_shops, shop, shop,
          hellmonk_ecumenical_altar_pennies_from_heaven, uniq_jessica

Skill      XL: |  1  2  3  4  5 |
---------------+----------------+-----
Fighting       | 1 2 |  2.2
Axes           | 1 2 |  2.2
Stealth        | 4 |  4.9
Dodging        | 1 |  1.2
Poison Magic   | 7 |  7.0
Spellcasting   | |  1.5
Necromancy     | |  2.0

Action                   |  1- 3 |  4- 6 || total
-------------------------+-------+-------++-------
Melee: Dagger            |    17 |       ||    17
       Short sword       |    20 |    51 ||    71
       Whip              |     9 |       ||     9
 Abil: Spit Poison       |    16 |    24 ||    40
  Use: Scroll            |       |     4 ||     4
       Potion            |       |     4 ||     4
 Stab: Sleeping          |     3 |       ||     3
Armor: Robe              |    14 |    12 ||    26
Dodge: Dodged            |    22 |    25 ||    47
